 Dungeon Crawl Stone Soup version 0.30.1-11-g7821555f0a (webtiles) character file.

Game seed: 8903872416636260039

1873 Peloso the Carver (level 8, -16/71 HPs)
             Began as a Minotaur Fighter on Dec 23, 2023.
             Demolished by an ogre
             ... wielding a +0 giant spiked club
              (27 damage)
             ... on level 6 of the Dungeon.
             The game lasted 00:14:46 (5417 turns).

Peloso the Carver (Minotaur Fighter)                Turns: 5417, Time: 00:14:47

Health: -16/71     AC: 10    Str: 21    XL:     8   Next: 91%
Magic:  7/7        EV:  9    Int:  5    God:
Gold:   315        SH:  5    Dex: 12    Spells: 7/7 levels left

rFire   . . .        a - +0 long sword
rCold   . . .        d - +0 buckler
rNeg    . . .        c - +0 chain mail
rPois   +            (helmet restricted)
rElec   .            (no cloak)
rCorr   .            (no gloves)
SInv    .            (no boots)
Will    .....        (no amulet) Stlth
                     q - ring of poison resistance
HPRegen 0.31/turn    (no ring)
MPRegen 0.10/turn

%: no passive effects
@: on berserk cooldown
A: horns 2, retaliatory headbutt
a: no special abilities


You were on level 6 of the Dungeon.
You visited 2 branches of the dungeon, and saw 7 of its levels.
You also visited: Ossuary.

You collected 315 gold pieces.

Inventory:

Hand Weapons
 a - a +0 long sword (weapon)
Armour
 b - a +0 scale mail
 c - a +0 chain mail (worn)
 d - a +0 buckler (worn)
Jewellery
 q - a ring of poison resistance (left hand)
Scrolls
 f - 8 scrolls of teleportation
 j - a scroll of blinking
 l - a scroll of brand weapon
 m - 2 scrolls of fear
 n - a scroll of silence
 o - a scroll of immolation
 p - a scroll of noise
 r - 2 scrolls of amnesia
 u - a scroll of enchant armour
 x - 2 scrolls of fog
Potions
 e - a potion of ambrosia
 g - 2 potions of might
 h - a potion of resistance
 i - 2 potions of curing
 k - a potion of heal wounds
 s - 4 potions of cancellation {unknown}
 t - a potion of berserk rage
 v - 2 potions of lignification {unknown}
 w - 2 potions of degeneration {unknown}
 z - a potion of haste {unknown}
 A - a potion of magic {unknown}


   Skills:
 + Level 6.4 Fighting
 + Level 9.3 Long Blades
 + Level 7.9 Armour
 + Level 2.5 Dodging
 + Level 0.9 Stealth
 + Level 5.8 Shields


You had 7 spell levels left.
You didn't know any spells.
Your spell library contained the following spells:

 Spells                   Type           Power      Damage    Failure   Level
 Kiss of Death            Conj/Necr      0%         2d5       98%         1
 Summon Small Mammal      Summ           0%         N/A       98%         1
 Call Canine Familiar     Summ           0%         N/A       100%        3
 Confusing Touch          Hex            0%         N/A       100%        3
 Summon Guardian Golem    Hex/Summ       0%         N/A       100%        3
 Dispel Undead            Necr           0%         3d6       100%        4


Dungeon Overview and Level Annotations

Branches:
Dungeon (6/15)             Temple (1/1) D:5         Ossuary (visited)

Altars:
Dithmenos
Elyvilon
Fedhas
Gozag
Hepliaklqana
Makhleb
Qazlal
Ru
Sif Muna
Trog
Uskayaw
Vehumet
Wu Jian
Xom
Yredelemnul
The Shining One

Shops:
D:2 [

Annotations:
D:2 1 runed translucent door, Crazy Yiuf


Innate Abilities, Weirdness & Mutations

You have a pair of horns on your head.
You reflexively headbutt those who attack you in melee.


Message History

Unknown command.
You slash the jelly!
Your hands burn!
* * * LOW HITPOINT WARNING * * *
The jelly is heavily wounded.
Your surroundings suddenly seem different.
An iguana comes into view.
Found 18 gold pieces.
The iguana hisses angrily.
The iguana barely misses you.
You closely miss the iguana.
You headbutt the iguana, but do no damage.
The iguana bites you but does no damage.
The iguana bites you!
* * * LOW HITPOINT WARNING * * *
Unknown command.
You feel better.
The iguana bites you but does no damage.
Unknown command.
You hit the iguana but do no damage. Your headbutt misses the iguana.
The iguana bites you.
* * * LOW HITPOINT WARNING * * *
The iguana bites you.
* * * LOW HITPOINT WARNING * * *
Unknown command.
You hit the iguana.
The iguana is moderately wounded.
The iguana completely misses you.
You hit the iguana.
The iguana is severely wounded.
You block the iguana's attack.
You barely miss the iguana.
The iguana is severely wounded.
The iguana bites you but does no damage.
The iguana bites you.
* * * LOW HITPOINT WARNING * * *
You slash the iguana!
You kill the iguana!
You feel yourself speed up.
The ogre hits you with a +0 giant spiked club!!
You die...

# #.
#.#######
#.......# #.#
.#.....@.#
#.#
......O..#
#.#
##.......#
#.### #
#.......#
##.#.#.#
#.#...$.#
......
...f#+####
###O#.#.#.#.#
#.J.........
#.#.#.#.#.#.


You could see an ogre and a sleepcap.

Vanquished Creatures
  Edmund (D:5)
  2 water moccasins (D:6)
  A black bear (D:2)
  2 ogres
  A phantom (D:6)
  A bullfrog (D:5)
  2 scorpions (D:5)
  5 water moccasin zombies (Ossuary)
  A howler monkey (D:4)
  3 hounds
  An orc priest (D:4)
  2 gnoll boudas
  3 iguanas
  4 orc wizards (D:5)
  3 mummies
  13 gnolls
  11 adders
  5 adder zombies (Ossuary)
  3 dart slugs
  10 orcs
  6 ball pythons
  4 endoplasms
  3 giant cockroaches
  6 goblins
  3 hobgoblins
  3 jackals (D:2)
  4 kobolds
  6 quokkas
  3 bats
  2 frilled lizards (D:3)
  3 gnoll zombies (Ossuary)
  5 hobgoblin zombies (Ossuary)
  4 kobold zombies (Ossuary)
  5 orc zombies (Ossuary)
  3 rats
  A spectral orc (D:4)
135 creatures vanquished.

Notes
Turn   | Place    | Note
-------+----------+-------------------------------------------
     0 | D:1      | Peloso the Minotaur Fighter began the quest for the Orb.
     0 | D:1      | Reached XP level 1. HP: 19/19 MP: 0/0
   242 | D:1      | Reached XP level 2. HP: 25/27 MP: 1/1
   345 | D:1      | Reached skill level 3 in Long Blades
   662 | D:2      | Reached XP level 3. HP: 33/33 MP: 2/2
   767 | D:2      | Found Oruillat's Armour Emporium.
   927 | D:2      | Found a runed translucent door.
   928 | D:2      | Noticed Crazy Yiuf
  1270 | D:2      | Reached XP level 4. HP: 33/40 MP: 3/3
  1302 | D:2      | Noticed a black bear
  1307 | D:2      | Killed a black bear
  1308 | D:2      | Reached skill level 4 in Long Blades
  1308 | D:2      | Reached XP level 5. HP: 41/47 MP: 4/4
  1748 | D:3      | Found a hazy altar of Hepliaklqana.
  2099 | D:4      | Found a sand-covered staircase.
  2108 | Ossuary  | Entered an ossuary
  2189 | Ossuary  | Reached skill level 5 in Long Blades
  2189 | Ossuary  | Reached skill level 5 in Armour
  2189 | Ossuary  | Reached XP level 6. HP: 49/53 MP: 5/5
  2247 | Ossuary  | Reached skill level 5 in Fighting
  2290 | Ossuary  | Reached skill level 6 in Long Blades
  2293 | Ossuary  | Reached XP level 7. HP: 42/61 MP: 6/6
  2674 | D:4      | Reached skill level 1 in Dodging
  3114 | D:4      | Found a basalt altar of Yredelemnul.
  3257 | D:4      | Reached skill level 7 in Long Blades
  3419 | D:4      | Reached skill level 5 in Shields
  3741 | D:5      | Entered Level 5 of the Dungeon
  3897 | D:5      | Reached XP level 8. HP: 46/70 MP: 7/7
  4208 | D:5      | Found a staircase to the Ecumenical Temple.
  4212 | D:5      | Noticed Edmund
  4229 | D:5      | Killed Edmund
  4313 | D:5      | Reached skill level 8 in Long Blades
  4315 | Temple   | Entered the Ecumenical Temple
  5313 | D:6      | Reached skill level 9 in Long Blades
  5417 | D:6      | Demolished by an ogre

Illustrated notes

Levels and vault maps discovered:
D:1:      minmay_arrival_arboretum_small, layout_basic, minmay_pentomino_z2
D:2:      layout_loops_ring, serial_shops, shop, uniq_crazy_yiuf_cottage
D:3:      layout_rooms, mainiacjoe_overflow_boulevard,
          nicolae_kite_square_tiling_tiny
D:4:      layout_basic, yredelemnul_forgotten_temple_becter,
          gup_ossuary_entry_pyramid
D:5:      layout_basic, temple_pool_b, grunt_ministairs_2, uniq_edmund
D:6:      layout_basic, st_stairs_10, uniq_sigmund
Temple:   compressed_dpeg_circular_temple

Skill      XL: |  1  2  3  4  5  6  7  8 |
---------------+-------------------------+-----
Shields        | 4 5 |  5.8
Long Blades    | 3 4 5 6 7 9 |  9.3
Armour         | 4 5 6 7 |  7.9
Fighting       | 4 5 6 |  6.4
Dodging        | 2 |  2.5
Stealth        | |  0.9

Action                     |  1- 3 |  4- 6 |  7- 9 || total
---------------------------+-------+-------+-------++-------
  Melee: Long sword        |    66 |   138 |   263 ||   467
         Headbutt          |    12 |    32 |    58 ||   102
    Use: Potion            |     1 |     2 |     4 ||     7
         Scroll            |       |     2 |    13 ||    15
 Armour: Scale mail        |    31 |    49 |    33 ||   113
         Chain mail        |       |       |    39 ||    39
  Dodge: Dodged            |    27 |    55 |   100 ||   182
  Block: Buckler           |    21 |    28 |    46 ||    95
